 Dungeon Crawl Stone Soup version 0.31-a0-217-g58bb5d79cf (webtiles) character file.

Game seed: 17727259359585662112

323 Essalna the Sneak (level 6, -1/32 HPs)
             Began as a Spriggan Hunter on July 3, 2023.
             Slain by a bullfrog (8 damage)
             ... in a sewer.
             The game lasted 00:06:06 (2235 turns).

Essalna the Sneak (Spriggan Hunter)                 Turns: 2235, Time: 00:06:06

Health: -1/32      AC:  3    Str:  7    XL:     6   Next: 23%
Magic:  16/16      EV: 17    Int: 18    God:
Gold:   119        SH:  5    Dex: 19    Spells: 5/5 levels left

rFire   . . .        a - +0 shortbow
rCold   . . .        (shield currently unavailable)
rNeg    . . .        c - +1 robe
rPois   .            (helmet restricted)
rElec   .            (no cloak)
rCorr   .            (gloves unavailable)
SInv    +            (boots unavailable)
Will    +....        h - amulet "Menorpha" {Reflect Will- Int+6 SH+5 SInv Stlth-}
Stlth   +            f - ring of willpower
HPRegen 0.25/turn    i - ring of magical power
MPRegen 0.15/turn

%: reflection
@: silenced, hasted, very quick
A: very small, no large weapons, unfitting armour, see invisible, speed 3
a: no special abilities


You were in a sewer.
You visited 1 branch of the dungeon, and saw 3 of its levels.
You also visited: Sewer.

You collected 119 gold pieces.

Inventory:

Hand Weapons
 a - a +0 shortbow (weapon)
 b - a +2 whip of venom
Armour
 c - a +1 robe (worn)
Jewellery
 f - a ring of willpower (left hand)
 h - the amulet "Menorpha" (around neck) {Reflect Will- Int+6 SH+5 SInv Stlth-}
   (You found it on level 2 of the Dungeon)

   [amulet of reflection]

   It reflects blocked missile attacks.
   Int:       It affects your intelligence (+6).
   SInv:      It lets you see invisible.
   SH:        It affects your SH (+5).
   Will:      It decreases your willpower.
   Stlth:     It makes you less stealthy.
 i - a ring of magical power (right hand)
 j - a ring of resist corrosion
Scrolls
 m - a scroll of identify
Potions
 g - a potion of enlightenment {unknown}
 k - a potion of attraction {unknown}


   Skills:
 + Level 3.4 Fighting
 + Level 5.4 Ranged Weapons
 - Level 2.6 Dodging
 + Level 5.7 Stealth


You had 5 spell levels left.
You didn't know any spells.
Your spell library contained the following spells:

 Spells                   Type           Power      Damage    Failure   Level
 Necrotise                Necr           0%         1d4       22%         1
 Vampiric Draining        Necr           0%         2d6       54%         3
 Summon Ice Beast         Ice/Summ       0%         N/A       91%         4
 Agony                    Necr           0%         N/A       99%         5
 Summon Mana Viper        Hex/Summ       0%         N/A       99%         5
 Monstrous Menagerie      Summ           0%         N/A       100%        7


Dungeon Overview and Level Annotations

Branches:
Dungeon (3/15)              Sewer (1/1)

Altars:


Innate Abilities, Weirdness & Mutations

You are very small and have problems with some larger weapons.
You are too small for most types of armour.
You have supernaturally acute eyesight. (SInv)
You cover ground extremely quickly. (Speed+++)


Message History

You have reached level 6!
Fire: a) +0 shortbow
Press: ? - help, Q - select action Shift-Dir - straight line, f - bullfrog
Aim: a bullfrog (silenced, 58% to hit)
You shoot an arrow. The arrow closely misses the bullfrog.
The bullfrog closely misses you.
The frilled lizard bites you but does no damage.
Fire: a) +0 shortbow
Press: ? - help, Q - select action Shift-Dir - straight line, f/p - bullfrog
Aim: a bullfrog (silenced, 58% to hit)
You shoot an arrow. The arrow hits the bullfrog.
The bullfrog is lightly wounded.
The bullfrog closely misses you.
Fire: a) +0 shortbow
Press: ? - help, Q - select action Shift-Dir - straight line, f/p - bullfrog
Aim: a bullfrog (silenced, lightly wounded, 58% to hit)
You shoot an arrow. The arrow hits the bullfrog.
The bullfrog is moderately wounded.
The frilled lizard barely misses you. The bullfrog misses you.
Fire: a) +0 shortbow
Press: ? - help, Q - select action Shift-Dir - straight line, f/p - bullfrog
Aim: a bullfrog (silenced, moderately wounded, 58% to hit)
You shoot an arrow. The arrow closely misses the bullfrog.
The bullfrog hits you.
* * * LOW HITPOINT WARNING * * *
The frilled lizard misses you.
Fire: a) +0 shortbow
Press: ? - help, Q - select action Shift-Dir - straight line, f/p - bullfrog
Aim: a bullfrog (silenced, moderately wounded, 58% to hit)
You shoot an arrow. The arrow hits the bullfrog!
The bullfrog is severely wounded.
The bullfrog misses you. The frilled lizard bites you.
* * * LOW HITPOINT WARNING * * *
You feel better. The bullfrog misses you.
Fire: a) +0 shortbow
Press: ? - help, Q - select action Shift-Dir - straight line, f/p - bullfrog
Aim: a bullfrog (silenced, severely wounded, 58% to hit)
You shoot an arrow. The arrow closely misses the bullfrog.
The bullfrog hits you!
You die...

≈≈≈≈≈≈~~~~~~~~~~..∩.∩.#
###.~≈~÷~~~~~~.########
#~~≈~~########
#.~≈~.#################
#~~≈~~÷~.........†.....
#.~≈~~~~~~~~~~~~~~~~~~~
#.~≈≈≈≈≈≈≈≈≈≈≈≈≈≈≈≈≈≈≈≈
#~~≈~~~l~~~~~~~~~~~~≈~~
#~≈≈~~@F.........~~≈~≈≈
#.~≈~~#######~≈≈≈≈≈≈≈~~
#.~≈~.# #≈≈≈~≈≈≈≈≈≈≈≈
#.~≈~†# #≈≈~≈l≈≈≈≈~~~
#.~≈~.# #≈≈≈≈≈≈≈≈~.~~
#.~≈~~# #≈≈≈≈≈≈≈~?.~~
#.~≈~~# #≈≈≈≈≈≈.?(?~~
#.~≈~~# #≈≈≈≈≈~..!?..
#~~≈~~# #≈≈≈≈≈≈~~.≈≈~


You could see a bullfrog and a frilled lizard.

Vanquished Creatures
  A phantom (D:3)
  A bullfrog (Sewer)
  7 adders
  A river rat (D:3)
  An ufetubus (D:3)
  2 worms
  2 dart slugs (D:2)
  An orc (D:3)
  6 endoplasms
  12 giant cockroaches
  3 goblins
  6 hobgoblins
  4 jackals (D:1)
  6 quokkas
  16 ball pythons
  4 bats
  9 frilled lizards
  3 kobolds (D:1)
  5 rats
90 creatures vanquished.

Notes
Turn   | Place    | Note
-------+----------+-------------------------------------------
     0 | D:1      | Essalna the Spriggan Hunter began the quest for the Orb.
     0 | D:1      | Reached XP level 1. HP: 10/10 MP: 2/2
   126 | D:2      | Reached XP level 2. HP: 15/15 MP: 3/3
   238 | D:1      | Reached XP level 3. HP: 18/18 MP: 4/4
   996 | D:2      | Identified the amulet "Menorpha" {Reflect Will- Int+6 SH+5
                  | SInv Stlth-}
  1439 | D:2      | Reached XP level 4. HP: 20/23 MP: 5/5
  1734 | D:3      | Noticed a phantom
  1746 | D:3      | Killed a phantom
  1747 | D:3      | Reached skill level 5 in Ranged Weapons
  1747 | D:3      | Reached XP level 5. HP: 16/28 MP: 6/6
  1852 | D:3      | Identified the +0 pair of boots of the Equator {rPois rF+}
  1872 | D:3      | Found a glowing drain.
  1916 | D:3      | Reached skill level 5 in Stealth
  1933 | Sewer    | Entered a sewer
  2218 | Sewer    | HP: 1/28 [bullfrog (7)]
  2229 | Sewer    | Reached XP level 6. HP: 6/32 MP: 7/7
  2235 | Sewer    | Slain by a bullfrog

Illustrated notes

Levels and vault maps discovered:
D:1:      kennysheep_arrival_seaside, layout_basic
D:2:      layout_loops_cross
D:3:      layout_rooms, portal_sewer_entry_c
Sewer:    sewer_frog_island_01

Skill      XL: |  1  2  3  4  5 |
---------------+----------------+-----
Stealth        | 2 3 4 5 |  5.7
Fighting       | 2 3 |  3.4
Ranged Weapons | 5 |  5.4
Dodging        | |  2.6

Action                     |  1- 3 |  4- 6 || total
---------------------------+-------+-------++-------
   Fire: Shortbow          |   132 |   193 ||   325
    Use: Scroll            |     4 |     2 ||     6
         Potion            |       |     4 ||     4
 Armour: Robe              |     1 |    19 ||    20
  Dodge: Dodged            |    58 |    93 ||   151
  Block: Other             |     8 |    37 ||    45

Table legend: (Time is in decaauts)
 A = Elapsed time spent in this place.
 B = Non-inter-level travel time spent in this place.
 C = Inter-level travel time spent in this place.
 D = Time resting spent in this place.
 E = Time spent auto-exploring this place.
 F = Levels seen in this place.
 G = Mean time per level.
                   A        B        C        D        E       F      G
               +--------+--------+--------+--------+--------+-----+--------+
         Total |   1662 |   1547 |    115 |      0 |   1037 |   4 |  415.5 |
       Dungeon |   1376 |   1261 |    115 |      0 |    896 |   3 |  458.7 |
         Sewer |    286 |    286 |      0 |      0 |    141 |   1 |  286.0 |
               +--------+--------+--------+--------+--------+-----+--------+

Top non-repeatable levels by time:
     D:1: 564 daAuts
     D:2: 526 daAuts
   Sewer: 286 daAuts
     D:3: 285 daAuts
